AoeStats
← Lord RDB

Arabia

509843687Analyzed
1v1 RM · 3d ago on Sep 28, 2026· 43m 25s· 2 players
Game mode
Random Map
Map size
Tiny (2 player)
Population
200
Speed
Normal
Resources
Standard
Victory
Conquest
Starting age
Dark Age
Ending age
Imperial Age
RankedLock teamsTeams togetherTeam positionsShared explorationLock speedFull tech treeHidden civsTurbo modeCheats
Victory
Defeat
🇦🇪 Franks · United Arab Emirates
1368
+17
🇦🇺 Wu · Australia
1384
-17
Lord RDB
6:42 Loom
8:54 Feudal Age
11:38 Double-Bit Axe
20:33 Castle Age
19:03 Gold Mining
19:16 Fletching
19:27 Padded Archer Armor
21:11 Bodkin Arrow
21:39 Bow Saw
22:50 Gold Shaft Mining
24:44 Ballistics
28:56 Wheelbarrow
28:07 Town Watch
29:46 Scale Barding Armor
35:37 Imperial Age
35:30 Chain Barding Armor
36:58 Plate Barding Armor
35:45 Cavalier
36:25 Husbandry
37:33 Stone Mining
39:08 Hand Cart
38:54 Town Patrol
39:23 Forging
41:07 Conscription
40:20 Paladin
42:11 Iron Casting
41:52 Leather Archer Armor
42:40 Chemistry
44:21 Blast Furnace
JuanWicko
1:08 Loom
9:10 Feudal Age
10:27 Horse Collar
10:37 Double-Bit Axe
17:10 Fletching
19:37 Wheelbarrow
23:04 Castle Age
24:05 Bodkin Arrow
23:31 Elite Skirmisher
25:10 Bow Saw
25:09 Padded Archer Armor
28:15 Town Watch
31:36 Ballistics
33:53 Town Patrol
35:03 Heavy Plow
35:57 Bloodlines
35:47 Husbandry
38:50 Imperial Age
36:58 Bloodlines
36:48 Husbandry
37:37 Husbandry
39:40 Scale Barding Armor
39:45 Forging
39:46 Bracer
40:42 Conscription
40:13 Heavy Hei Guang Cavalry
41:29 Scale Barding Armor
41:34 Forging
42:06 Masonry
43:12 Chain Barding Armor
43:52 Iron Casting
Connection lost

Rejoining the realm…

Still unreachable

The connection could not be restored.

Session expired

The server has moved on; the page needs a fresh start.